AoeStats
← tmams33

Arena

509818787Analyzed
4v4 RM · 6d ago on Sep 28, 2026· 37m 39s· 8 players
Game mode
Random Map
Map size
Large (8 player)
Population
200
Speed
Normal
Resources
Standard
Victory
Conquest
Starting age
Dark Age
Ending age
Imperial Age
RankedLock teamsTeams togetherTeam positionsShared explorationLock speedFull tech treeHidden civsTurbo modeCheats
Victory
Defeat
🇺🇸 Khmer · United States
1223
+14
🇹🇼 Khitans · Taiwan
1175
+16
🇺🇸 Dravidians · United States
1172
+16
🇹🇼 Danes · Taiwan
1166
+16
🇺🇸 Britons · United States
1262
-19
🇺🇸 Saxons · United States
1180
-16
🇺🇸 Lithuanians · United States
1176
-16
🇺🇸 Franks · United States
1060
-11
The Stray King
10:40 Feudal Age
14:49 Castle Age
15:29 Double-Bit Axe
16:25 Bow Saw
16:31 Loom
17:59 Town Watch
19:55 Fletching
21:01 Padded Archer Armor
21:58 Bodkin Arrow
23:20 Horse Collar
25:40 Ballistics
27:03 Wheelbarrow
33:13 Imperial Age
33:59 Bracer
35:09 Chemistry
tmams33
9:01 Loom
11:43 Feudal Age
12:39 Double-Bit Axe
12:35 Horse Collar
15:25 Castle Age
16:34 Bow Saw
18:41 Loom
34:24 Wheelbarrow
LeGoLaS
10:56 Feudal Age
14:34 Castle Age
12:36 Double-Bit Axe
13:29 Horse Collar
16:38 Bow Saw
17:49 Wheelbarrow
21:31 Scale Barding Armor
21:37 Forging
22:38 Hand Cart
24:04 Loom
24:05 Town Watch
24:40 Heavy Plow
25:21 Chain Barding Armor
27:57 Coinage
28:08 Fletching
29:22 Bloodlines
29:12 Husbandry
31:07 Town Patrol
34:00 Iron Casting
34:16 Scale Mail Armor
37:52 Imperial Age
36:31 Gold Mining
36:31 Stone Mining
37:10 Herbal Medicine
36:37 Light Cavalry
37:19 Bodkin Arrow
Jabrawlter
0:34 Loom
10:39 Feudal Age
11:58 Wheelbarrow
11:34 Double-Bit Axe
19:43 Castle Age
18:13 Stone Mining
19:19 Gold Mining
21:15 Husbandry
22:08 Squires
26:56 Forging
27:20 Scale Barding Armor
27:52 Bow Saw
32:19 Imperial Age
32:10 Pikeman
33:25 Chain Barding Armor
33:42 Iron Casting
33:08 Scale Mail Armor
32:52 Cavalier
34:10 Conscription
35:06 Plate Barding Armor
36:22 Elite Throwing Axeman
蛋雕
11:12 Feudal Age
15:43 Castle Age
13:41 Double-Bit Axe
13:52 Domestication
14:26 Loom
15:51 Gold Mining
16:36 Bow Saw
16:50 Pastoralism
17:21 Forging
19:14 Town Watch
20:15 Fletching
24:19 Wheelbarrow
25:38 Bodkin Arrow
26:24 Padded Archer Armor
26:32 Elite Skirmisher
28:24 Leather Archer Armor
29:05 Ballistics
31:41 Imperial Age
30:11 Stone Mining
31:28 Thumb Ring
32:20 Hand Cart
32:57 Conscription
32:41 Bracer
33:57 Ring Archer Armor
34:03 Lamellar Armor
35:44 Chemistry
35:45 Parthian Tactics
35:38 Heavy Cavalry Archer
37:21 Town Patrol
38:25 Two-Man Saw
DongHan
11:13 Feudal Age
15:26 Castle Age
13:32 Double-Bit Axe
13:28 Horse Collar
16:22 Bow Saw
16:46 Heavy Plow
18:44 Wheelbarrow
19:19 Loom
22:13 Gold Mining
24:13 Hand Cart
24:10 Stone Mining
24:34 Town Watch
25:30 Gold Shaft Mining
28:56 Imperial Age
28:02 Stone Shaft Mining
28:06 Scale Mail Armor
28:16 Forging
28:34 Squires
28:19 Gambesons
28:21 Arson
29:52 Chain Mail Armor
30:13 Iron Casting
29:51 Town Patrol
29:23 Capped Ram
30:04 Elite Jomsviking
31:05 Conscription
31:56 Plate Mail Armor
31:59 Siege Ram
34:27 Blast Furnace
32:54 Hamask
33:42 Northmen's Fury
37:11 Elite Varangian Guard
Ra
10:00 Feudal Age
10:17 Loom
13:01 Castle Age
11:15 Double-Bit Axe
12:42 Horse Collar
18:23 Bloodlines
19:21 Scale Barding Armor
25:38 Wheelbarrow
24:49 Town Watch
28:04 Chain Barding Armor
27:54 Forging
30:59 Hand Cart
30:44 Town Patrol
32:14 Heavy Plow
32:36 Bow Saw
33:01 Gold Mining
33:05 Stone Mining
35:21 Iron Casting
40:15 Imperial Age
8
10:09 Feudal Age
14:17 Castle Age
12:39 Double-Bit Axe
14:59 Fletching
17:09 Crossbowman
19:11 Bodkin Arrow
24:43 Padded Archer Armor
26:06 Scale Barding Armor
27:54 Wheelbarrow
29:55 Loom
36:25 Imperial Age
34:41 Bow Saw
38:11 Chemistry
Connection lost

Rejoining the realm…

Still unreachable

The connection could not be restored.

Session expired

The server has moved on; the page needs a fresh start.